 Seeded DCSS version 0.30.1-3-gfc49f6343a (webtiles) character file.

Game seed: 6351066067085065685 (custom seed)

7 Esekla the Grave Robber (level 1, -7/10 HPs)
             Began as a Deep Elf Necromancer on Aug 1, 2023.
             Mangled by a two-headed ogre
             ... wielding a +0 giant club
              (12 damage)
             ... on level 8 of the Dungeon.
             The game lasted 00:04:59 (375 turns).

Esekla the Grave Robber (Deep Elf Necromancer)       Turns: 375, Time: 00:04:59

Health: -7/10      AC:  2    Str:  5    XL:     1   Next: 83%
Magic:  6/6        EV: 12    Int: 19    God:
Gold:   11         SH:  0    Dex: 15    Spells: 5/6 levels left

rFire   . . .        c - +0 short sword
rCold   . . .        (no shield)
rNeg    . . .        a - +0 robe
rPois   .            (no helmet)
rElec   .            (no cloak)
rCorr   .            (no gloves)
SInv    .            (no boots)
Will    .....        (no amulet)
Stlth   +            (no ring)
HPRegen 0.21/turn    (no ring)
MPRegen 0.10/turn

%: no passive effects
@: confused
A: no striking features
a: no special abilities


You were on level 8 of the Dungeon.
You visited 1 branch of the dungeon, and saw 6 of its levels.

You collected 11 gold pieces.

Inventory:

Hand Weapons
 c - a +0 short sword (weapon)
Armour
 a - a +0 robe (worn)
Scrolls
 e - a scroll of fear {unknown}
 f - a scroll of identify {unknown}
Potions
 b - a potion of magic
 d - a potion of ambrosia {unknown}


   Skills:
 + Level 0.1 Short Blades
 * Level 2.5 Dodging
 + Level 2.5 Stealth
 * Level 3.1 Spellcasting
 + Level 5.1 Necromancy


You had 5 spell levels left.
You knew the following spells:

 Your Spells              Type           Power      Damage    Failure   Level
a - Necrotise             Necr           88%        1d8       1%          1

Your spell library contained the following spells:

 Spells                   Type           Power      Damage    Failure   Level
 Vampiric Draining        Necr           22%        2d7       5%          3
 Animate Dead             Necr           22%        N/A       19%         4
 Agony                    Necr           22%        N/A       45%         5


Dungeon Overview and Level Annotations

Branches:
Dungeon (8/15)
 Temple: D:4-7         Lair: D:8-11

Altars:

Annotations:
D:7 Menkaure


Message History

Found a dagger.
There is a stone staircase leading down here.
You climb downwards.
There is a stone staircase leading up here.
As you open the door, it creaks loudly!
Found 7 stones.
Found a robe.
There is an open door here.
Found a stone staircase leading down.
There is a stone staircase leading down here.
You climb downwards.
There is a stone staircase leading up here.
Found 11 gold pieces.
Found a bubbling blue potion.
You now have 11 gold pieces.
A sourceless malevolence fills the Dungeon...
You fall into a shaft and drop 3 floors!
The shaft crumbles and collapses.
Found a scroll labelled EGUZUT XAHEGAJ and 3 scrolls labelled LIXOR VONLAKI.
Menkaure, Prince of Dust comes into view.
Found a scroll labelled OVUGHE LOEQ.
Found 6 stones.
Found a stone staircase leading down.
A phantom comes into view.
Found 2 bubbling green potions.
You see here 6 stones.
There is a stone staircase leading down here.
You climb downwards.
The orc wizard shouts!
The two-headed ogre shouts in stereo!
You hear a shout! x6
Found 2 scrolls labelled OPUZOUSOET and a yellow potion.
Found an escape hatch in the ceiling.
There is a stone staircase leading up here.
The orc wizard points at you and mumbles some strange words.
You are confused.
In your confused state, you trip and fall back down the stairs.
An orc comes into view. It is wielding a +0 flail.
The two-headed ogre hits you with a +0 giant club.
The two-headed ogre hits you with a +0 giant club!
Ouch! That really hurt!
You die...

.# .# .# ##.#
...# #..#
#..#.# #@...#
o......O..?#
.oo......#..?..
.........# #!.#
..o####<## ..
.. ... . # ###


You could see a two-headed ogre, an orc wizard and 3 orcs.

Vanquished Creatures
  3 ball pythons (D:1)
  A frilled lizard (D:1)
  2 kobolds (D:1)
6 creatures vanquished.

Notes
Turn   | Place    | Note
-------+----------+-------------------------------------------
     0 | D:1      | Esekla the Deep Elf Necromancer began the quest for the
                  | Orb.
     0 | D:1      | Reached XP level 1. HP: 10/10 MP: 6/6
   156 | D:1      | Reached skill level 5 in Necromancy
   352 | D:4      | You fall into a shaft and drop 3 floors!
   354 | D:7      | Noticed Menkaure
   365 | D:7      | Noticed a phantom
   373 | D:8      | Noticed an orc wizard
   373 | D:8      | Noticed a two-headed ogre
   375 | D:8      | Mangled by a two-headed ogre

Illustrated notes

Levels and vault maps discovered:
D:1:      sevenhm_arrival_forest_fort_small_3, layout_rooms,
          chequers_serial_rivers_room_b, minmay_misc_feat_five
D:2:      layout_loops_ring, dreamdust_ecumenical_altar_angels_and_demons,
          serial_shops, shop
D:3:      layout_basic, grunt_temple_overflow_open, minmay_misc_feat_iff
D:4:      layout_basic, nicolae_overflow_quartered_altars, serial_shops,
          nicolae_diamond_shop
D:7:      layout_basic, uniq_menkaure, uniq_joseph, uniq_crazy_yiuf_cottage
D:8:      layout_basic, nicolae_uskayaw_dance_hall, serial_demonic,
          serial_demonic_d, serial_demonic_a, serial_demonic_c,
          serial_demonic_c, nicolae_diode_quadrants

Skill      XL: |  1 |
---------------+----+-----
Necromancy     | 5 |  5.1
Short Blades   | |  0.1
Dodging        | |  2.5
Stealth        | |  2.5
Spellcasting   | |  3.1

Action                     || total
---------------------------++-------
  Melee: Short sword       ||    27
         Unarmed           ||     9
 Armour: Robe              ||     4
  Dodge: Dodged            ||    21
